MAA
PORTSMOUTH COASTIES @ ELKFORD ROADRUNNERS
08/23/2018
 
TOP OF THE 1ST
Portsmouth Coasties batting - Pitching for Elkford Roadrunners : RHP Vernon Turner
Pitching: RHP Vernon Turner
Batting: RHB José Masaferro 0-0: Bunt for hit - play at first, batter safe!
Batting: LHB Tom McCain 0-0: Ball
1-0: Called Strike
1-1: Called Strike
1-2: Strikes out swinging
José Masaferro steals 2nd base
Batter strikes out.
Batting: RHB Seth Varela 0-0: Swinging Strike
0-1: Called Strike
0-2: Fly out, F7 (Flyball, 78M)
Batting: RHB Juan Jose Díaz 0-0: Swinging Strike
0-1: Ball
1-1: DOUBLE (Line Drive, 7LM)
José Masaferro scores
Batting: RHB Pablo Lugo 0-0: Foul Ball, location: 2F
0-1: Called Strike
0-2: Fly out, F3 (Popup, 34)
Top of the 1st over - 1 run(s), 2 hit(s), 0 error(s), 1 left on base; Portsmouth 1 - Elkford 0
BOTTOM OF THE 1ST
Elkford Roadrunners batting - Pitching for Portsmouth Coasties : RHP Luis Oliva
Pitching: RHP Luis Oliva
Batting: RHB Roberto Andrade 0-0: Ball
1-0: Called Strike
1-1: Foul Ball, location: 2F
1-2: Ball
2-2: Ball
3-2: Fly out, F6 (Popup, 6M)
Batting: RHB Jack O'Brien 0-0: Ball
1-0: Ball
2-0: Ball
3-0: Called Strike
3-1: Foul Ball, location: 2F
3-2: SINGLE (Groundball, 56D) (infield hit)
Batting: RHB Chris Robinson 0-0: Ball
Passed Ball!
Jack O'Brien to second
1-0: Ball
2-0: Foul Ball, location: 2F
2-1: Ball
3-1: Called Strike
3-2: Base on Balls
Batting: SHB Sherwood Hoffman 0-0: Ball
1-0: Ball
2-0: Foul Ball, location: 2F
2-1: Swinging Strike
2-2: SINGLE (Groundball, 34D)
Jack O'Brien to third
Chris Robinson to second
Runner from 3rd tries for Home, throw and OUT!
Chris Robinson to third
Sherwood Hoffman to second
Batting: RHB Jim Lee 0-0: Foul Ball, location: 2F
0-1: Ball
1-1: Foul Ball, location: 2F
1-2: Ball
2-2: Foul Ball, location: 2F
2-2: Ball
3-2: Base on Balls
Batting: RHB Michael Martin 0-0: Ball
1-0: Called Strike
1-1: Ball
Wild Pitch!
Chris Robinson scores
Sherwood Hoffman to third
Jim Lee to second
2-1: Ball
3-1: Ground out 5-3 (Groundball, 5L)
Bottom of the 1st over - 1 run(s), 2 hit(s), 0 error(s), 2 left on base; Portsmouth 1 - Elkford 1
TOP OF THE 2ND
Portsmouth Coasties batting - Pitching for Elkford Roadrunners : RHP Vernon Turner
Batting: RHB Ángel López 0-0: Called Strike
0-1: Ball
1-1: Foul Ball, location: 2F
1-2: Ball
2-2: Fly out, F8 (Line Drive, 8LM)
Batting: SHB Jim McCormick 0-0: Swinging Strike
0-1: Ball
1-1: Ball
2-1: Ball
3-1: Ground out 3-1 (Groundball, 34)
Batting: SHB Lou Boone 0-0: Called Strike
0-1: Foul Ball, location: 2F
0-2: Ball
1-2: Foul Ball, location: 2F
1-2: Ball
2-2: Strikes out looking
Top of the 2nd over - 0 run(s), 0 hit(s), 0 error(s), 0 left on base; Portsmouth 1 - Elkford 1
BOTTOM OF THE 2ND
Elkford Roadrunners batting - Pitching for Portsmouth Coasties : RHP Luis Oliva
Batting: RHB Cal Jackson 0-0: Called Strike
0-1: Foul Ball, location: 2F
0-2: Strikes out swinging
Batting: SHB Carlos Sánchez 0-0: Ball
1-0: SINGLE (Groundball, 25) (infield hit)
Batting: RHB Rafael Najcrea 0-0: Fly out, F8 (Flyball, 8RM)
Batting: RHB Roberto Andrade 0-0: Ball
Carlos Sánchez steals 2nd base
1-0: Ball
2-0: Ball
3-0: Base on Balls
Batting: RHB Jack O'Brien 0-0: Called Strike
0-1: SINGLE (Groundball, 56D)
Carlos Sánchez to third
Roberto Andrade to second
Runner from 3rd tries for Home, SAFE, no throw or cutoff
Batting: RHB Chris Robinson 0-0: Ball
1-0: Foul Ball, location: 2F
1-1: 3-RUN HOME RUN (Flyball, 7LD), Distance : 347 ft
Pitching: RHP Jesús López
Batting: SHB Sherwood Hoffman 0-0: Ball
1-0: Ball
2-0: Fly out, F5 (Popup, 5F)
Bottom of the 2nd over - 4 run(s), 3 hit(s), 0 error(s), 0 left on base; Portsmouth 1 - Elkford 5
TOP OF THE 3RD
Portsmouth Coasties batting - Pitching for Elkford Roadrunners : RHP Vernon Turner
Batting: RHB José Villegas 0-0: Called Strike
0-1: Ball
1-1: Ball
2-1: Ground out 5-3 (Groundball, 56)
Batting: RHB José Masaferro 0-0: Ball
1-0: Ball
2-0: Fly out, F7 (Flyball, 7LM)
Batting: LHB Tom McCain 0-0: Ball
1-0: Ball
2-0: Foul Ball, location: 2F
2-1: Ball
3-1: Base on Balls
Batting: RHB Seth Varela 0-0: Called Strike
0-1: Fielders Choice at 2nd, 6-4 (Groundball, 6)
Top of the 3rd over - 0 run(s), 0 hit(s), 0 error(s), 0 left on base; Portsmouth 1 - Elkford 5
BOTTOM OF THE 3RD
Elkford Roadrunners batting - Pitching for Portsmouth Coasties : RHP Jesús López
Batting: RHB Jim Lee 0-0: Foul Ball, location: 2F
0-1: Ground out 5-3 (Groundball, 5L)
Batting: RHB Michael Martin 0-0: Called Strike
0-1: Swinging Strike
0-2: Strikes out swinging
Batting: RHB Cal Jackson 0-0: Called Strike
0-1: Ball
1-1: Ball
2-1: Foul Ball, location: 2F
2-2: Foul Ball, location: 2F
2-2: Strikes out swinging
Bottom of the 3rd over - 0 run(s), 0 hit(s), 0 error(s), 0 left on base; Portsmouth 1 - Elkford 5
TOP OF THE 4TH
Portsmouth Coasties batting - Pitching for Elkford Roadrunners : RHP Vernon Turner
Batting: RHB Juan Jose Díaz 0-0: Ball
1-0: Ball
2-0: Ball
3-0: Base on Balls
Batting: RHB Pablo Lugo 0-0: Ball
1-0: Foul Ball, location: 2F
1-1: Swinging Strike
1-2: Ball
Passed Ball!
Juan Jose Díaz to second
2-2: Ball
3-2: DOUBLE (Line Drive, 7LM)
Juan Jose Díaz scores
Batting: RHB Ángel López 0-0: Swinging Strike
0-1: Fly out, F2 (Popup, 25F)
Batting: SHB Jim McCormick 0-0: Ball
1-0: Called Strike
1-1: TRIPLE (Flyball, 89XD)
Pablo Lugo scores
Batting: SHB Lou Boone 0-0: Ball
1-0: Called Strike
1-1: Ball
2-1: Fly out, F7 (Popup, 7S)
Batting: RHB José Villegas 0-0: Ball
1-0: Ball
2-0: Fly out, F7 (Flyball, 78M)
Top of the 4th over - 2 run(s), 2 hit(s), 0 error(s), 1 left on base; Portsmouth 3 - Elkford 5
BOTTOM OF THE 4TH
Elkford Roadrunners batting - Pitching for Portsmouth Coasties : RHP Jesús López
Batting: SHB Carlos Sánchez 0-0: Ball
1-0: Ball
2-0: Foul Ball, location: 2F
2-1: Fly out, F7 (Flyball, 78M)
Batting: RHB Rafael Najcrea 0-0: Ball
1-0: Ball
2-0: Called Strike
2-1: Swinging Strike
2-2: Ball
3-2: Foul Ball, location: 2F
3-2: Foul Ball, location: 2F
3-2: Foul Ball, location: 2F
3-2: Strikes out looking
Batting: RHB Roberto Andrade 0-0: Ball
1-0: Called Strike
1-1: Ball
2-1: Ball
3-1: Base on Balls
Batting: RHB Jack O'Brien 0-0: Called Strike
0-1: Ball
1-1: Ball
2-1: Ball
3-1: Reached on error, E5 (Groundball, 5S)
Roberto Andrade to second
Batting: RHB Chris Robinson 0-0: Foul Ball, location: 2F
0-1: Ball
1-1: Swinging Strike
1-2: Foul Ball, location: 2F
1-2: Fly out, F8 (Popup, 6MD)
Bottom of the 4th over - 0 run(s), 0 hit(s), 1 error(s), 2 left on base; Portsmouth 3 - Elkford 5
TOP OF THE 5TH
Portsmouth Coasties batting - Pitching for Elkford Roadrunners : RHP Vernon Turner
Batting: RHB José Masaferro 0-0: Fly out, F5 (Line Drive, 56S)
Batting: LHB Tom McCain 0-0: Fly out, F7 (Flyball, 7S)
Batting: RHB Seth Varela 0-0: Fly out, F7 (Flyball, 7M)
Top of the 5th over - 0 run(s), 0 hit(s), 0 error(s), 0 left on base; Portsmouth 3 - Elkford 5
BOTTOM OF THE 5TH
Elkford Roadrunners batting - Pitching for Portsmouth Coasties : RHP Jesús López
Batting: SHB Sherwood Hoffman 0-0: Called Strike
0-1: Called Strike
0-2: Ball
1-2: Foul Ball, location: 2F
1-2: Ball
2-2: Foul Ball, location: 2F
2-2: Ball
3-2: Foul Ball, location: 2F
3-2: SOLO HOME RUN (Flyball, 9D), Distance : 347 ft
Batting: RHB Jim Lee 0-0: Swinging Strike
0-1: Foul Ball, location: 2F
0-2: Strikes out swinging
Batting: RHB Michael Martin 0-0: Fly out, F9 (Flyball, 89M)
Batting: RHB Cal Jackson 0-0: Ball
1-0: Swinging Strike
1-1: Ball
2-1: Foul Ball, location: 2F
2-2: Foul Ball, location: 2F
2-2: Ground out 6-3 (Groundball, 6)
Bottom of the 5th over - 1 run(s), 1 hit(s), 0 error(s), 0 left on base; Portsmouth 3 - Elkford 6
TOP OF THE 6TH
Portsmouth Coasties batting - Pitching for Elkford Roadrunners : RHP Vernon Turner
Batting: RHB Juan Jose Díaz 0-0: Ball
1-0: Ground out 6-3 (Groundball, 6)
Batting: RHB Pablo Lugo 0-0: Called Strike
0-1: Ball
1-1: Foul Ball, location: 2F
1-2: Ball
2-2: Foul Ball, location: 2F
2-2: Foul Ball, location: 2F
2-2: Fly out, F8 (Flyball, 8RM)
Batting: RHB Ángel López 0-0: SINGLE (Line Drive, 7S)
Batting: SHB Jim McCormick 0-0: 2-RUN HOME RUN (Line Drive, 9D), Distance : 358 ft
Batting: SHB Lou Boone 0-0: Foul Ball, location: 2F
0-1: Fly out, F2 (Popup, 2LF)
Top of the 6th over - 2 run(s), 2 hit(s), 0 error(s), 0 left on base; Portsmouth 5 - Elkford 6
BOTTOM OF THE 6TH
Elkford Roadrunners batting - Pitching for Portsmouth Coasties : RHP Jesús López
Batting: SHB Carlos Sánchez 0-0: Swinging Strike
0-1: Ball
1-1: Ball
2-1: Swinging Strike
2-2: Ball
3-2: Foul Ball, location: 2F
3-2: Strikes out looking
Batting: RHB Rafael Najcrea 0-0: Swinging Strike
0-1: Ball
1-1: Ball
2-1: Ball
3-1: Called Strike
3-2: Foul Ball, location: 2F
3-2: Base on Balls
Pitching: RHP Bob McGhee
Batting: RHB Roberto Andrade 0-0: Called Strike
Rafael Najcrea steals 2nd base
0-1: Swinging Strike
0-2: Ball
1-2: Ball
2-2: Strikes out swinging
Batting: RHB Jack O'Brien 0-0: Ball
1-0: Foul Ball, location: 2F
1-1: Foul Ball, location: 2F
1-2: Ground out 6-3 (Groundball, 6)
Bottom of the 6th over - 0 run(s), 0 hit(s), 0 error(s), 1 left on base; Portsmouth 5 - Elkford 6
TOP OF THE 7TH
Portsmouth Coasties batting - Pitching for Elkford Roadrunners : RHP Vernon Turner
Batting: RHB José Villegas 0-0: Ball
1-0: Called Strike
1-1: Swinging Strike
1-2: DOUBLE (Line Drive, 56)
Pinch Hitting: RHB Eduardo Morales 0-0: Ground out 5-3 (Groundball, 5L)
Pinch Hitting: LHB Jim Unknown 0-0: Called Strike
0-1: Ball
1-1: Ground out 4-3 (Groundball, 4)
José Villegas to third
Batting: RHB Seth Varela 0-0: Ball
1-0: Foul Ball, location: 2F
1-1: SINGLE (Groundball, 6M)
José Villegas scores
Pitching: LHP Mark Tucker
Batting: RHB Juan Jose Díaz 0-0: Foul Ball, location: 2F
0-1: Ball
1-1: Ball
2-1: Foul Ball, location: 2F
2-2: Strikes out swinging
Top of the 7th over - 1 run(s), 2 hit(s), 0 error(s), 1 left on base; Portsmouth 6 - Elkford 6
BOTTOM OF THE 7TH
Elkford Roadrunners batting - Pitching for Portsmouth Coasties : RHP Bob McGhee
Now in LF: Jim Unknown
Now in RF: Pedro Rodríguez
Batting: RHB Chris Robinson 0-0: Fly out, F3 (Popup, 34)
Batting: SHB Sherwood Hoffman 0-0: Called Strike
0-1: Ball
1-1: Ball
2-1: Foul Ball, location: 2F
2-2: Strikes out looking
Batting: RHB Jim Lee 0-0: Ball
1-0: Ball
2-0: Ball
3-0: Called Strike
3-1: Fly out, F3 (Popup, 3SF)
Bottom of the 7th over - 0 run(s), 0 hit(s), 0 error(s), 0 left on base; Portsmouth 6 - Elkford 6
TOP OF THE 8TH
Portsmouth Coasties batting - Pitching for Elkford Roadrunners : LHP Mark Tucker
Batting: RHB Pablo Lugo 0-0: Called Strike
0-1: Ball
1-1: Called Strike
1-2: Strikes out swinging
Batting: RHB Ángel López 0-0: Called Strike
0-1: Foul Ball, location: 2F
0-2: Foul Ball, location: 2F
0-2: Foul Ball, location: 2F
0-2: Foul Ball, location: 2F
0-2: Strikes out swinging
Pinch Hitting: RHB John Gilliam 0-0: Foul Ball, location: 2F
0-1: SINGLE (Line Drive, 6D)
Batting: SHB Lou Boone 0-0: Called Strike
0-1: Ball
1-1: Called Strike
1-2: Strikes out swinging
Top of the 8th over - 0 run(s), 1 hit(s), 0 error(s), 1 left on base; Portsmouth 6 - Elkford 6
BOTTOM OF THE 8TH
Elkford Roadrunners batting - Pitching for Portsmouth Coasties : RHP Bob McGhee
Now at 3B: John Gilliam
Batting: RHB Michael Martin 0-0: Ball
1-0: Foul Ball, location: 2F
1-1: Swinging Strike
1-2: Ball
2-2: Strikes out looking
Pitching: LHP Diego Rivas
Batting: RHB Cal Jackson 0-0: Swinging Strike
0-1: Called Strike
0-2: Strikes out looking
Pinch Hitting: RHB Aaron Barnes 0-0: Fly out, F8 (Flyball, 8RM)
Bottom of the 8th over - 0 run(s), 0 hit(s), 0 error(s), 0 left on base; Portsmouth 6 - Elkford 6
TOP OF THE 9TH
Portsmouth Coasties batting - Pitching for Elkford Roadrunners : LHP Mark Tucker
Now at 2B: Aaron Barnes
Batting: RHB José Villegas 0-0: Called Strike
0-1: Ball
1-1: Swinging Strike
1-2: Foul Ball, location: 2F
1-2: Fly out, F8 (Line Drive, 8RM)
Pinch Hitting: RHB Travis Newsome 0-0: Ball
1-0: Ball
2-0: Fly out, F6 (Line Drive, 6M)
Pinch Hitting: RHB Dave Davis 0-0: Called Strike
0-1: Ball
1-1: Ball
2-1: Ball
3-1: Base on Balls
Batting: RHB Seth Varela 0-0: Ball
1-0: Foul Ball, location: 2F
1-1: Reached on error, E6 (Groundball, 6M)
Dave Davis to second
Batting: RHB Juan Jose Díaz 0-0: Swinging Strike
0-1: Foul Ball, location: 2F
0-2: Ball
1-2: Strikes out swinging
Top of the 9th over - 0 run(s), 0 hit(s), 1 error(s), 2 left on base; Portsmouth 6 - Elkford 6
BOTTOM OF THE 9TH
Elkford Roadrunners batting - Pitching for Portsmouth Coasties : LHP Diego Rivas
Pitching: RHP Herman Barnes
Now at 2B: Travis Newsome
Pinch Hitting: LHB Jim Unknown 0-0: Ball
Now at 3B: Dave Davis 1-0: Foul Ball, location: 2F
1-1: Foul Ball, location: 2F
1-2: Strikes out swinging
Pinch Hitting: SHB Jim Unknown 0-0: Ball
1-0: Called Strike
1-1: Fly out, F4 (Popup, 34)
Batting: RHB Jack O'Brien 0-0: Called Strike
0-1: Fly out, F8 (Flyball, 8LM)
Bottom of the 9th over - 0 run(s), 0 hit(s), 0 error(s), 0 left on base; Portsmouth 6 - Elkford 6
TOP OF THE 10TH
Portsmouth Coasties batting - Pitching for Elkford Roadrunners : LHP Mark Tucker
Now at 3B: Jim Unknown
Now in RF: Jim Unknown
Batting: RHB Pablo Lugo 0-0: Ball
1-0: Called Strike
1-1: Called Strike
1-2: Ball
2-2: Fly out, F7 (Line Drive, 7S)
Batting: RHB Ángel López 0-0: Ball
1-0: Ball
2-0: Foul Ball, location: 2F
2-1: Foul Ball, location: 2F
2-2: Ball
3-2: Base on Balls
Batting: RHB John Gilliam 0-0: Called Strike
0-1: Called Strike
0-2: Ball
1-2: Strikes out looking
Batting: SHB Lou Boone 0-0: Ball
1-0: Swinging Strike
1-1: Ball
2-1: Ball
3-1: Base on Balls
Ángel López to second
Batting: RHB José Villegas 0-0: Called Strike
0-1: DOUBLE (Line Drive, 9LM)
Ángel López scores
Lou Boone to third
Runner from 3rd tries for Home, throw and OUT!
Top of the 10th over - 1 run(s), 1 hit(s), 0 error(s), 1 left on base; Portsmouth 7 - Elkford 6
BOTTOM OF THE 10TH
Elkford Roadrunners batting - Pitching for Portsmouth Coasties : RHP Herman Barnes
Batting: RHB Chris Robinson 0-0: Ball
1-0: SINGLE (Groundball, 6)
Batting: SHB Sherwood Hoffman 0-0: Ball
1-0: Called Strike
1-1: 2-RUN HOME RUN (Line Drive, 89XD), Distance : 412 ft
This league is powered by Out of the Park Baseball, the baseball management simulation game for PC, Mac and Linux
Monday, May 4th, 2015 - OOTP Baseball 15.6 Build 34